 Dungeon Crawl Stone Soup version 0.25-a0-287-g56a5b49892 (webtiles) character file.

Game seed: 8504279361042076047, levelgen mode: deterministic

199616 MrRokkomies the Spry (level 17, -2/89 HPs)
             Began as a Spriggan Venom Mage on Dec 11, 2019.
             Was an Initiate of Gozag.
             Hit by a silver javelin thrown by a merfolk javelineer (8 damage)
             ... on level 4 of the Shoals on Dec 12, 2019.
             The game lasted 03:58:15 (47532 turns).

MrRokkomies the Spry (Spriggan Venom Mage)         Turns: 47532, Time: 03:58:15

Health: -2/89      AC: 22    Str: 12    XL:     17   Next: 85%
Magic:  17/30      EV: 24    Int: 22    God:    Gozag
Gold:   1753       SH:  0    Dex: 18    Spells: 2/32 levels left

rFire    + + .     SeeInvis +   b - +3 hunting sling (velocity)
rCold    . . .     Gourm    .   (shield restricted)
rNeg     . . .     Faith    .   B - +5 fire dragon scales
rPois    +         Spirit   .   M - +2 hat "Wocin" {rElec rC+ Stlth+}
rElec    +         Reflect  .   m - +2 cloak {MR+}
rCorr    .         Harm     .   (gloves unavailable)
MR       +++..                  (boots unavailable)
Stlth    ++........             E - amulet of regeneration
HPRegen  0.64/turn              V - +3 ring of slaying
MPRegen  0.22/turn              G - ring of Gieted {*Drain rPois Str+4 Int+4}

@: gold aura, slow
A: very small, unfitting armour, see invisible, herbivore, speed 3, slow
metabolism 2
}: 1/15 runes: gossamer
a: Potion Petition, Call Merchant, Bribe Branch, Renounce Religion


You were on level 4 of the Shoals.
You worshipped Gozag.
Gozag was most pleased with you.
You were not hungry.

You visited 6 branches of the dungeon, and saw 32 of its levels.
You also visited: Sewer and Ice Cave.

You collected 12058 gold pieces.
You spent 6961 gold pieces at shops.
You paid 3344 gold pieces to Gozag.

Inventory:

Hand Weapons
 a - the +6 rapier of Internal Strife {flame, rPois rC- rN++ Dex+4}
   (You acquired it on level 4 of the Spider Nest)

   It has been specially enchanted to burn those struck by it, causing extra
   injury to most foes and up to half again as much damage against particularly
   susceptible opponents.
   It affects your dexterity (+4).
   It makes you vulnerable to cold.
   It protects you from poison.
   It greatly protects you from negative energy.
 b - a +3 hunting sling of velocity (weapon)
 C - a +0 antimagic dagger
Missiles
 h - 240 sling bullets (quivered)
 i - 1079 stones
 n - 12 throwing nets
 P - 11 curare-tipped darts
Armour
 m - a +2 cloak of magic resistance (worn)
 B - +5 fire dragon scales (worn)
 M - the +2 hat "Wocin" (worn) {rElec rC+ Stlth+}
   (You acquired it on level 1 of the Orcish Mines)

   It protects you from cold.
   It insulates you from electricity.
   It makes you more stealthy.
Jewellery
 j - an uncursed ring of resist corrosion
 v - a +5 ring of protection
 E - an amulet of regeneration (around neck)
 G - the ring of Gieted (right hand) {*Drain rPois Str+4 Int+4}
   (You bought it in a shop on level 3 of the Lair of Beasts)

   [ring of intelligence]

   It affects your strength (+4).
   It affects your intelligence (+4).
   It protects you from poison.
   It causes draining when unequipped.
 V - a +3 ring of slaying (left hand)
 W - an uncursed ring of protection from fire
 Z - an uncursed ring of protection from cold
Wands
 q - a wand of acid (27)
 x - a wand of iceblast (23)
 y - a wand of enslavement (14)
 H - a wand of disintegration (27)
 N - a wand of clouds (3)
 O - a wand of scattershot (5)
 Q - a wand of digging (6)
Scrolls
 o - 3 scrolls of immolation
 p - 7 scrolls of magic mapping
 r - 10 scrolls of teleportation
 t - 5 scrolls of fog
 A - 4 scrolls of fear
 D - 6 scrolls of blinking
 F - a scroll of amnesia
 S - 12 scrolls of remove curse
 X - a scroll of holy word
Potions
 d - 5 potions of flight
 e - 6 potions of brilliance
 f - 8 potions of curing
 g - a potion of magic
 k - 3 potions of lignification
 l - 2 potions of invisibility
 z - 3 potions of agility
 I - 5 potions of ambrosia
 J - 3 potions of haste
 K - 3 potions of cancellation
 R - a potion of heal wounds
 T - 5 potions of might
 Y - 3 potions of resistance
Miscellaneous
 s - a lamp of fire
 u - a fan of gales
 w - a box of beasts
 L - a sack of spiders
 U - a lightning rod (4/4)
Comestibles
 c - 19 rations


   Skills:
 - Level 10.0 Fighting
 * Level 12.8 Short Blades
 - Level 11.9(12.0) Slings
 - Level 1.0(6.5) Throwing
 - Level 10.0 Armour
 * Level 15.2 Dodging
 - Level 8.0 Stealth
 - Level 8.0 Spellcasting
 + Level 5.0 Conjurations
 + Level 4.7 Hexes
 - Level 6.0 Translocations
 - Level 8.0 Transmutations
 - Level 3.0 Fire Magic
 + Level 11.4 Air Magic
 - Level 10.0 Poison Magic
 - Level 8.0 Evocations


You had 2 spell levels left.
You knew the following spells:

 Your Spells              Type           Power        Failure   Level  Hunger
a - Sting                 Tmut/Pois      ####         1%          1    None
b - Poisonous Vapours     Pois/Air       ######       1%          2    None
c - Mephitic Cloud        Conj/Pois/Air  #####...     3%          3    None
d - Ignite Poison         Fire/Tmut/Pois #####...     6%          3    None
e - Olgreb's Toxic Radia  Pois           ######..     6%          4    ###....
f - Airstrike             Air            ######....   3%          4    ###....
g - Blink                 Tloc           N/A          4%          2    None
h - Passwall              Tmut/Erth      ####....     11%         2    None
i - Conjure Flame         Conj/Fire      ####....     22%         3    None
j - Lightning Bolt        Conj/Air       #####.....   34%         5    #####..
k - Confusing Touch       Hex            ####..       5%          1    None

Your spell library contained the following spells:

 Spells                   Type           Power        Failure   Level  Hunger
 Shock                    Conj/Air       ####         1%          1    None
 Apportation              Tloc           #####.       3%          1    None
 Magic Dart               Conj           ####         4%          1    None
 Corona                   Hex            ####...      5%          1    None
 Swiftness                Chrm/Air       ####....     5%          2    None
 Slow                     Hex            ####....     8%          2    None
 Shroud of Golubria       Chrm/Tloc      ###...       16%         2    None
 Ensorcelled Hibernation  Hex/Ice        ###...       22%         2    None
 Animate Skeleton         Necr           N/A          36%         1    None
 Freeze                   Ice            #...         36%         1    None
 Infusion                 Chrm           #...         36%         1    None
 Sandblast                Erth           #.....       36%         1    None
 Summon Small Mammal      Summ           #...         36%         1    None
 Call Imp                 Summ           #.......     50%         2    None
 Song of Slaying          Chrm           #.......     50%         2    None
 Static Discharge         Conj/Air       #####...     3%          3    None
 Dazzling Flash           Conj/Hex       ####..       14%         3    None
 Confuse                  Hex            ####....     16%         3    None
 Tukima's Dance           Hex            ####....     16%         3    None
 Summon Lightning Spire   Summ/Air       ####....     34%         4    ###....
 Stone Arrow              Conj/Erth      ###...       36%         3    None
 Spectral Weapon          Hex/Chrm       ###.....     38%         3    None
 Summon Guardian Golem    Hex/Summ       ###.....     38%         3    None
 Petrify                  Tmut/Erth      ####....     56%         4    ###....
 Irradiate                Conj/Tmut      #####.....   56%         5    #####..
 Ozocubu's Armour         Chrm/Ice       #.......     73%         3    None
 Regeneration             Chrm/Necr      #.........   73%         3    None
 Hailstorm                Conj/Ice       ###.....     78%         4    ###....
 Hydra Form               Tmut           #####.....   91%         6    ######.
 Summon Ice Beast         Ice/Summ       #.......     98%         4    ###....
 Lee's Rapid Deconstruct  Erth           #.........   100%        5    #####..
 Statue Form              Tmut/Erth      ####.....    100%        6    ######.
 Dragon Form              Tmut           #####.....   100%        7    #######
 Tornado                  Air            ######....   100%        9    #######


Dungeon Overview and Level Annotations

Branches:
Dungeon (15/15)            Temple (1/1) D:6            Lair (6/6) D:8
 Shoals (4/4) Lair:4       Spider (4/4) Lair:4        Slime (0/5) Lair:5
    Orc (2/2) D:12            Elf (0/3) Orc:2        Vaults (0/5) D:14
 Depths (0/5) D:15          Sewer (visited)           IceCv (visited)

Altars:
Ashenzari
Cheibriados
Dithmenos
Elyvilon
Fedhas
Gozag
Hepliaklqana
Kikubaaqudgha
Makhleb
Nemelex Xobeh
Okawaru
Qazlal
Ru
Sif Muna
Trog
Uskayaw
Vehumet
Wu Jian
Xom
Yredelemnul
Zin
The Shining One
Beogh

Shops:
D:8 :(??   D:12 (   D:13 %   Orc:1 ?   Orc:2 ?**![   Lair:2 [   Lair:3 =
Shoals:1 :

Annotations:
D:7 3 runed translucent doors, anet's ghost, novice DEWz
D:9 3 runed translucent doors, Nagy's ghost, novice GnTm
D:11 3 runed translucent doors, Gargoyl's ghost, journeyman CeAK; Jetuir's ghost, journeyman GrFi; astraldaughter's ghost, journeyman CeFi; ch1llma's ghost, journeyman GnGl; kuzmorgo's ghost, novice DEWz
D:15 3 runed translucent doors, tabo's ghost, adept HOMo
Lair:1 exclusion: 3 oklob plants
Lair:2 2 runed translucent doors, paps's ghost, journeyman GrFi
Lair:4 1 runed translucent door, Cuollip's ghost, journeyman VSTm


Innate Abilities, Weirdness & Mutations

You are very small and have problems with some larger weapons.
You are too small for most types of armour.
You have supernaturally acute eyesight. (SInv)
You are a herbivore.
You cover ground extremely quickly.
You need to consume almost no food.


Message History

The water elemental completely misses you.
A dream sheep comes into view.
The merfolk siren chants a haunting song.
You resist with almost no effort.
Ilsuiw is engulfed in blazing flames.
The tide is released from Ilsuiw's call.
You kill Ilsuiw!
The water elemental disappears in a puff of smoke! x2
The merfolk javelineer throws a silver javelin.
The silver javelin pierces through you.
You hear a splash.
The cyclops becomes distracted by the nearby gold, dreaming of imaginary riches.
The merfolk siren shouts!
The cyclops shouts!
You slip free of the water engulfing you.
You gasp with relief as air once again reaches your lungs.
The cyclops is no longer distracted by gold.
The merfolk javelineer throws a silver javelin.
The silver javelin pierces through you!!
* * * LOW HITPOINT WARNING * * *
You die...
Your body crumbles into a pile of gold.

≈≈≈≈≈≈≈≈≈≈≈≈≈≈≈≈≈≈≈≈≈≈≈
≈≈≈≈≈≈≈≈≈≈≈≈≈≈≈≈≈≈≈....≈
≈≈≈≈≈≈≈≈≈≈≈≈≈≈≈≈≈≈.....≈
≈≈≈≈≈≈≈≈≈≈≈≈≈≈≈≈≈≈≈...#
≈≈≈≈≈≈≈≈......≈≈≈≈≈≈...
≈≈≈≈.≈.........≈≈≈≈≈#
##≈≈≈...........≈≈≈##
###≈≈..........≈≈≈#
##≈≈........≈@≈≈## #.#
##≈≈.......≈≈≈≈≈#.$.m.
#≈≈≈≈....≈≈≈≈≈≈°mm.#
#≈≈≈≈≈≈≈≈≈≈≈≈≈≈...##
##≈≈≈≈≈≈≈≈(≈≈≈$:...#
#≈≈≈≈≈≈≈≈≈≈≈$≈≈..$.[C.
##≈≈≈≈≈≈≈≈≈≈≈≈≈≈≈.....Y
####≈≈≈≈≈≈≈≈≈≈≈≈≈≈≈≈≈≈....
≈≈≈≈≈≈≈≈≈≈≈≈≈≈≈≈≈≈≈≈#####≈


You could see a merfolk javelineer and a merfolk siren.

Vanquished Creatures
  2 krakens (Shoals:1)
  Gastronok (Lair:3)
  Donald (Shoals:1)
  Ilsuiw (Shoals:4)
  8 emperor scorpions
  Louise (D:14)
  2 ghost moths
  2 entropy weavers (Spider:3)
  2 merfolk impalers
  Snorg (Orc:2)
  10 hydras
  Erolcha (D:11)
  An ice dragon (IceCv)
  3 vault guards (D:14)
  3 centaur warriors
  4 merfolk aquamancers
  7 merfolk avatars
  Erica (Lair:1)
  14 two-headed ogres
  A catoblepas (Lair:4)
  A satyr (Shoals:3)
  3 ogre magi
  3 death yaks (Lair:4)
  9 orc high priests
  Sonja (D:10)
  2 fire crabs (Shoals:3)
  2 unseen horrors
  12 sea snakes
  2 wizards (D:15)
  Pikel (D:4)
  3 deep elf magi
  9 harpies (Shoals:1)
  A lindwurm (Lair:6)
  An orc sorcerer (Orc:1)
  22 wolf spiders
  An ugly thing (D:12)
  17 orb spiders
  3 elephants (Lair:2)
  11 manticores
  3 cyclopes
  5 water nymphs
  5 centaur zombies
  12 fauns
  A moth of wrath (Spider:4)
  7 merfolk sirens
  Joseph (D:8)
  A black mamba (Lair:6)
  An ice statue (IceCv)
  Psyche (D:8)
  A gargoyle (D:15)
  2 naga magi (D:15)
  5 torpor snails
  A centaur skeleton (D:14)
  7 spiny frogs
  A kobold demonologist (D:14)
  A yaktaur (Shoals:2)
  21 demonic crawlers
  2 efreet
  7 rime drakes
  8 komodo dragons
  A redback zombie (D:14)
  24 merfolk
  11 hornets
  10 trolls
  2 wind drakes
  26 jumping spiders
  4 polar bears
  A queen bee (Lair:3)
  17 blink frogs
  17 hippogriffs
  21 dream sheep
  3 snapping turtles
  A centaur simulacrum (D:15)
  17 tarantellas
  39 redbacks
  2 wraiths
  11 spriggans (Lair:6)
  41 yaks
  A shadow (D:12)
  2 fire bats (Shoals:3)
  8 humans (D:14)
  12 water elementals
  10 wyverns
  A hog (shapeshifter) (D:15)
  3 hungry ghosts
  6 vampire mosquitoes
  16 basilisks
  4 wargs
  13 water moccasins
  2 porcupines
  11 orc warriors
  15 ice beasts
  3 sky beasts
  19 ogres
  An eye of draining (D:9)
  2 phantoms
  5 black bears
  17 wolves (Lair:6)
  10 centaurs
  4 boggarts (Lair:6)
  5 crocodiles
  6 big kobolds
  10 bullfrogs
  A wyvern skeleton (D:12)
  4 scorpions
  28 killer bees
  2 vampire bats (Lair:6)
  6 electric eels
  5 crimson imps
  A quasit (D:7)
  A bullfrog zombie (D:5)
  8 hounds
  5 jellies
  33 orc priests
  Crazy Yiuf (D:2)
  17 orc wizards
  A gnoll shaman (Orc:1)
  5 bullfrog skeletons
  An iguana (D:10)
  11 worker ants
  A killer bee zombie (D:5)
  A hound skeleton (D:4)
  A howler monkey zombie (D:9)
  A worker ant zombie (D:7)
  16 gnolls
  A river rat (Sewer)
  12 adders
  3 shadow imps
  An ooze (D:2)
  An adder skeleton (D:9)
  A worm (D:3)
  2 dart slugs
  2 leopard geckos
  102 orcs
  5 giant cockroaches
  9 goblins
  6 hobgoblins
  4 jackals
  3 quokkas
  4 ball pythons
  14 bats
  6 frilled lizards
  16 kobolds
  A leopard gecko zombie (D:6)
  A quokka zombie (D:7)
  10 rats
  3 fungi
  A plant (Shoals:3)
  4 tentacles (Shoals:1)
1059 creatures vanquished.

Vanquished Creatures (collateral kills)
  A demonic crawler (Spider:4)
1 creature vanquished.

Vanquished Creatures (others)
  A wolf spider (Spider:4)
  A jumping spider (Spider:4)
  A human (D:14)
  2 orcs (D:5)
  18 fungi
  16 plants
  13 tentacles
52 creatures vanquished.

Grand Total: 1112 creatures vanquished

Notes
Turn   | Place    | Note
-------+----------+-------------------------------------------
     0 | D:1      | MrRokkomies the Spriggan Venom Mage began the quest for the
                  | Orb.
     0 | D:1      | Reached XP level 1. HP: 9/9 MP: 5/5
   311 | D:1      | Reached XP level 2. HP: 13/13 MP: 1/6
  1157 | D:2      | Learned a level 2 spell: Poisonous Vapours
  1189 | D:2      | Reached XP level 3. HP: 16/16 MP: 8/8
  1357 | D:2      | Found a runed translucent door.
  1358 | D:2      | Noticed Crazy Yiuf
  1372 | D:2      | Killed Crazy Yiuf
  1372 | D:2      | Reached XP level 4. HP: 21/21 MP: 9/9
  2247 | D:3      | Found a glowing drain.
  2264 | Sewer    | Entered a sewer
  2282 | Sewer    | Reached skill level 4 in Dodging
  2324 | Sewer    | Learned a level 3 spell: Mephitic Cloud
  2369 | Sewer    | Noticed a big kobold
  2384 | Sewer    | Killed a big kobold
  2384 | Sewer    | Reached XP level 5. HP: 24/24 MP: 7/10
  2507 | Sewer    | Found a white marble altar of Elyvilon.
  2641 | D:3      | Found a faded altar of an unknown god.
  3157 | D:3      | Reached XP level 6. HP: 27/28 MP: 7/11
  3361 | D:4      | Reached skill level 5 in Stealth
  3361 | D:4      | Reached skill level 5 in Transmutations
  3512 | D:4      | Reached skill level 5 in Dodging
  3512 | D:4      | Reached skill level 1 in Air Magic
  3512 | D:4      | Reached skill level 5 in Poison Magic
  3699 | D:4      | Reached XP level 7. HP: 32/32 MP: 12/12
  3713 | D:4      | Noticed Pikel
  3726 | D:4      | Killed Pikel
  3726 | D:4      | Reached skill level 6 in Dodging
  3726 | D:4      | Reached XP level 8. HP: 36/36 MP: 13/13
  4532 | D:5      | Entered Level 5 of the Dungeon
  4560 | D:5      | Learned a level 3 spell: Ignite Poison
  5081 | D:5      | Reached skill level 1 in Short Blades
  5125 | D:5      | Reached skill level 7 in Dodging
  5595 | D:6      | Found a staircase to the Ecumenical Temple.
  5599 | Temple   | Entered the Ecumenical Temple
  5933 | Temple   | Became a worshipper of Gozag Ym Sagoz the Greedy
  6108 | D:6      | Reached XP level 9. HP: 22/39 MP: 14/14
  6264 | D:6      | Reached skill level 8 in Dodging
  6321 | D:6      | Learned a level 4 spell: Olgreb's Toxic Radiance
  6904 | D:6      | Found an iron altar of Okawaru.
  6960 | D:6      | Found a sacrificial altar of Ru.
  7734 | D:7      | Found a runed translucent gate.
  7734 | D:7      | Found a runed translucent gate.
  7734 | D:7      | Found a runed translucent gate.
  7734 | D:7      | Noticed anet's ghost (novice DEWz)
  8378 | D:8      | Noticed Joseph
  8398 | D:8      | Killed Joseph
  8398 | D:8      | Reached skill level 9 in Dodging
  8398 | D:8      | Reached skill level 5 in Spellcasting
  8398 | D:8      | Reached XP level 10. HP: 44/44 MP: 16/18
  8453 | D:8      | Found Ceanluh's Antique Weapon Boutique.
  8623 | D:8      | Noticed Psyche
  8629 | D:8      | Killed Psyche
  8629 | D:8      | Reached skill level 5 in Air Magic
  8839 | D:8      | Found Edevvif's Book Emporium.
  8899 | D:8      | Bought a book of Minor Magic for 260 gold pieces
  8899 | D:8      | Bought a book of Air for 455 gold pieces
  8904 | D:8      | Learned a level 4 spell: Airstrike
  8907 | D:8      | Learned a level 2 spell: Blink
  8935 | D:8      | Found Zanygg's Magic Scroll Shoppe.
  8944 | D:8      | Bought a scroll of identify for 30 gold pieces
  8979 | D:8      | Found Ytod's Magic Scroll Emporium.
  8986 | D:8      | Bought a scroll of teleportation for 48 gold pieces
  8986 | D:8      | Bought a scroll of teleportation for 48 gold pieces
  9145 | D:8      | Found a staircase to the Lair.
  9204 | D:9      | Reached skill level 5 in Short Blades
  9936 | D:9      | Reached skill level 10 in Poison Magic
 10187 | D:9      | Found a runed translucent gate.
 10187 | D:9      | Found a runed translucent gate.
 10187 | D:9      | Found a runed translucent gate.
 10188 | D:9      | Noticed Nagy's ghost (novice GnTm)
 10229 | D:10     | Entered Level 10 of the Dungeon
 10264 | D:10     | Reached skill level 10 in Dodging
 10264 | D:10     | Reached skill level 1 in Fighting
 10456 | D:10     | Noticed Sonja
 10466 | D:10     | Killed Sonja
 10466 | D:10     | Reached XP level 11. HP: 33/51 MP: 20/21
 11322 | D:10     | Noticed a two-headed hydra
 11352 | D:10     | Killed a two-headed hydra
 11882 | D:11     | Noticed an unseen horror
 11917 | D:11     | Killed an unseen horror
 11998 | D:11     | Found a runed translucent gate.
 11999 | D:11     | Found a runed translucent gate.
 12001 | D:11     | Found a runed translucent gate.
 12001 | D:11     | Noticed ch1llma's ghost (journeyman GnGl)
 12001 | D:11     | Noticed kuzmorgo's ghost (novice DEWz)
 12002 | D:11     | Noticed astraldaughter's ghost (journeyman CeFi)
 12002 | D:11     | Noticed Gargoyl's ghost (journeyman CeAK)
 12002 | D:11     | Noticed Jetuir's ghost (journeyman GrFi)
 12488 | D:11     | Noticed Erolcha
 12501 | D:11     | Killed Erolcha
 12928 | D:11     | Noticed a two-headed ogre
 12966 | D:11     | Killed a two-headed ogre
 13057 | D:11     | Reached skill level 5 in Fighting
 13070 | D:11     | Learned a level 2 spell: Passwall
 13074 | D:11     | Learned a level 3 spell: Conjure Flame
 13718 | D:12     | Noticed a deep elf mage
 13725 | D:12     | Killed a deep elf mage
 14371 | D:12     | Reached XP level 12. HP: 51/60 MP: 25/25
 14538 | D:12     | Reached skill level 1 in Slings
 14939 | D:12     | Noticed a four-headed hydra
 15005 | D:12     | Killed a four-headed hydra
 15198 | D:12     | Got a bone long sword
 15199 | D:12     | Identified the cursed +3 long sword "Voroih" {drain, *Slow
                  | rC+ rN+} (You found it on level 12 of the Dungeon)
 15263 | D:12     | Found a staircase to the Orcish Mines.
 15410 | D:12     | Noticed a two-headed ogre
 15487 | Orc:1    | Entered Level 1 of the Orcish Mines
 15487 | Orc:1    | Found Aptepule's Magic Scroll Shop.
 15487 | Orc:1    | Noticed a two-headed ogre
 15495 | Orc:1    | Noticed an ogre mage
 15495 | Orc:1    | Noticed a two-headed ogre
 15497 | Orc:1    | Noticed a two-headed ogre
 15498 | Orc:1    | Killed a two-headed ogre
 15498 | Orc:1    | Noticed a two-headed ogre
 15503 | Orc:1    | Killed a two-headed ogre
 15503 | Orc:1    | Killed an ogre mage
 15503 | Orc:1    | Killed a two-headed ogre
 15513 | Orc:1    | Noticed a two-headed ogre
 15525 | Orc:1    | Killed a two-headed ogre
 15536 | Orc:1    | Killed a two-headed ogre
 15559 | Orc:1    | Bought a scroll of acquirement for 676 gold pieces
 15560 | Orc:1    | Got a spiked hat
 15566 | Orc:1    | Identified the +2 hat "Wocin" {rElec rC+ Stlth+} (You
                  | acquired it on level 1 of the Orcish Mines)
 15588 | Orc:1    | Found a frozen archway.
 15597 | IceCv    | Entered an ice cave
 16763 | IceCv    | Noticed an ice dragon
 16763 | IceCv    | Noticed an ice dragon
 16785 | IceCv    | Killed an ice dragon
 16976 | IceCv    | Got a fine emerald amulet
 17158 | Orc:1    | Reached skill level 10 in Air Magic
 17733 | Orc:2    | Entered Level 2 of the Orcish Mines
 17893 | Lair:1   | Entered Level 1 of the Lair of Beasts
 17905 | Lair:1   | Reached skill level 5 in Slings
 17905 | Lair:1   | Reached XP level 13. HP: 67/67 MP: 26/26
 18428 | Lair:1   | Identified the amulet "Xipuwk" {Harm *Drain Int+2} (You
                  | found it in an ice cave)
 18666 | Lair:1   | Noticed Erica
 18753 | Lair:1   | Killed Erica
 18973 | Lair:1   | Found a snail-covered altar of Cheibriados.
 19424 | Lair:2   | Found a bloodstained altar of Trog.
 19438 | Lair:2   | Found a large runed translucent door.
 19439 | Lair:2   | Found a large runed translucent door.
 19440 | Lair:2   | Noticed paps's ghost (journeyman GrFi)
 19745 | Lair:2   | Bought +1 fire dragon scales for 938 gold pieces
 21307 | Lair:3   | Bought the ring of Gieted {*Drain rPois Str+4 Int+4} for
                  | 656 gold pieces
 21416 | Lair:3   | Noticed Gastronok
 21438 | Lair:3   | Killed Gastronok
 21438 | Lair:3   | Reached skill level 1 in Armour
 22321 | Lair:4   | Reached skill level 10 in Short Blades
 22330 | Lair:4   | Upgraded the game from 0.25-a0-283-ge7e91ba8d0 to
                  | 0.25-a0-287-g56a5b49892
 23146 | Lair:4   | Found a runed translucent door.
 23150 | Lair:4   | Found a hole to the Spider Nest.
 23151 | Lair:4   | Noticed Cuollip's ghost (journeyman VSTm)
 23276 | Lair:4   | Found a staircase to the Shoals.
 23871 | Lair:4   | Reached XP level 14. HP: 64/74 MP: 24/27
 24932 | Lair:5   | Found a staircase to the Slime Pits.
 25269 | Lair:6   | Entered Level 6 of the Lair of Beasts
 25766 | Lair:6   | Reached skill level 1 in Translocations
 26095 | Lair:5   | Reached skill level 5 in Armour
 26414 | Lair:6   | Paralysed by a hornet for 2 turns
 26684 | Lair:6   | Reached skill level 1 in Evocations
 26949 | Lair:6   | Reached skill level 5 in Translocations
 28664 | Orc:2    | Reached skill level 1 in Conjurations
 29263 | Orc:2    | Noticed Snorg
 29411 | Orc:2    | Killed Snorg
 29607 | Orc:2    | Found Werphos's Antique Armour Emporium.
 29756 | Orc:2    | Reached XP level 15. HP: 58/78 MP: 14/28
 30075 | Orc:2    | Found a staircase to the Elven Halls.
 30487 | Orc:2    | Found a roughly hewn altar of Beogh.
 30535 | Orc:2    | Found Emoruung's Distillery.
 30535 | Orc:2    | Found Qelav's Assorted Antiques.
 30665 | Orc:2    | Found Miloim's Magic Scroll Shop.
 30665 | Orc:2    | Found Icijiq's General Store.
 30679 | Orc:2    | Bought a ration for 70 gold pieces
 30679 | Orc:2    | Bought a wand of acid (9) for 364 gold pieces
 31147 | D:12     | Bought a glowing dagger for 130 gold pieces
 31249 | Orc:1    | Bought a scroll of enchant armour for 97 gold pieces
 31249 | Orc:1    | Bought a scroll of brand weapon for 260 gold pieces
 31249 | Orc:1    | Bought a scroll of teleportation for 39 gold pieces
 31281 | Orc:2    | Bought a scroll of enchant weapon for 180 gold pieces
 31281 | Orc:2    | Bought an agate ring for 120 gold pieces
 31415 | D:8      | Bought a scroll of enchant weapon for 112 gold pieces
 31415 | D:8      | Bought a scroll of brand weapon for 300 gold pieces
 31618 | D:13     | Found Oforo Xav's Food Shoppe.
 31622 | D:13     | Bought a ration for 50 gold pieces
 31622 | D:13     | Bought a ration for 50 gold pieces
 31622 | D:13     | Bought a ration for 50 gold pieces
 31622 | D:13     | Bought a ration for 50 gold pieces
 31622 | D:13     | Bought a ration for 50 gold pieces
 31622 | D:13     | Bought a ration for 50 gold pieces
 31622 | D:13     | Bought a ration for 50 gold pieces
 32168 | D:14     | Reached skill level 1 in Fire Magic
 32198 | D:14     | Reached skill level 5 in Evocations
 32402 | D:14     | Found a glowing golden altar of the Shining One.
 32585 | D:14     | Got an iridescent short sword
 32586 | D:14     | Identified the +2 short sword of Yesterday {speed, rN+}
                  | (You found it on level 14 of the Dungeon)
 32826 | D:14     | Found a gate to the Vaults.
 32946 | D:14     | Noticed Louise
 32977 | D:14     | Killed Louise
 33085 | D:15     | Entered Level 15 of the Dungeon
 33105 | D:14     | Learned a level 5 spell: Lightning Bolt
 33284 | D:15     | Reached skill level 1 in Throwing
 33434 | D:15     | Found a runed translucent gate.
 33434 | D:15     | Found a runed translucent gate.
 33434 | D:15     | Found a runed translucent gate.
 33464 | D:15     | Noticed tabo's ghost (adept HOMo)
 33954 | D:15     | Found a staircase to the Depths.
 34530 | Lair:3   | Bought a +5 ring of protection for 880 gold pieces
 34577 | Spider:1 | Entered Level 1 of the Spider Nest
 36124 | Spider:1 | Reached XP level 16. HP: 84/84 MP: 22/29
 38936 | Spider:4 | Entered Level 4 of the Spider Nest
 38942 | Spider:4 | Reached skill level 10 in Slings
 38998 | Spider:4 | Reached skill level 10 in Fighting
 40633 | Spider:4 | Reached skill level 5 in Conjurations
 40958 | Spider:3 | Reached skill level 11 in Dodging
 41485 | Spider:4 | Got a scorched rapier
 41486 | Spider:4 | Identified the +6 rapier of Internal Strife {flame, rPois
                  | rC- rN++ Dex+4} (You acquired it on level 4 of the Spider
                  | Nest)
 41867 | Spider:4 | Reached skill level 12 in Dodging
 42301 | Spider:4 | Got a gossamer rune of Zot
 42633 | Shoals:1 | Entered Level 1 of the Shoals
 42937 | Shoals:1 | Noticed a kraken
 42951 | Shoals:1 | Killed a kraken
 42951 | Shoals:1 | Reached XP level 17. HP: 86/89 MP: 10/30
 43120 | Shoals:1 | Noticed Donald
 43126 | Shoals:1 | Killed Donald
 43526 | Shoals:1 | Reached skill level 10 in Armour
 43526 | Shoals:1 | Reached skill level 13 in Dodging
 43908 | Shoals:1 | Noticed a kraken
 43917 | Shoals:1 | Killed a kraken
 44081 | Shoals:1 | Bought a book of Cantrips for 240 gold pieces
 44081 | Shoals:1 | Bought Raraded's Papyrus of Creative Weightlessness for 708
                  | gold pieces
 44083 | Shoals:1 | Learned a level 1 spell: Confusing Touch
 44108 | Shoals:2 | Noticed a kraken
 44353 | Shoals:2 | Reached skill level 1 in Hexes
 45317 | Shoals:2 | Reached skill level 14 in Dodging
 46567 | Shoals:3 | Identified the +0 scale mail of Qaridius {rElec MP+9}
 47092 | Shoals:4 | Entered Level 4 of the Shoals
 47215 | Shoals:4 | Reached skill level 15 in Dodging
 47319 | Shoals:4 | Found a sacrificial altar of Ru.
 47520 | Shoals:4 | Noticed Ilsuiw
 47530 | Shoals:4 | Killed Ilsuiw
 47532 | Shoals:4 | Hit by a silver javelin thrown by a merfolk javelineer

Levels and vault maps discovered:
D:1:      dpeg_arrival_simpleton_a, layout_basic, minmay_heptomino_h4
D:2:      layout_loops_ring, uniq_crazy_yiuf_cottage
D:3:      minmay_door_path, layout_rooms, portal_sewer_entry_b,
          chequers_ecumenical_altar_simple, chequers_mini_garden, st_stairs_12
D:4:      layout_loops_corners, chequers_serial_rivers_room_b, uniq_pikel
D:5:      layout_basic, first_ration
D:6:      layout_loops_corners, kennysheep_mini_moat, temple_statues,
          kennysheep_okawaru_gauntlet
D:7:      layout_basic, ebering_ghost_rock_garden, serial_bayou_ford_a
D:8:      layout_basic, lair_entry_dummy, serial_shops, nicolae_shop_crystal,
          shop_scrolls, shop, nicolae_shop_stone, uniq_psyche, uniq_joseph
D:9:      layout_irregular_city, gammafunk_ghost_nasty_kobolds
D:10:     layout_stronghold, hangedman_ranch [blue_anna_fruit_fields],
          uniq_sonja
D:11:     layout_loops_corners, gammafunk_ghost_cemetery, minmay_misc_feat_tiny,
          uniq_erolcha
D:12:     layout_stronghold, orc_0_dummy, minmay_bent
D:13:     layout_loops_ring, serial_shops, shop, serial_park_tiny_1
D:14:     layout_roguey, ximxim_vaults_locker_room, tso_altar,
          minmay_variable_closet, uniq_louise
D:15:     grunt_enter_depths_magical_seal, layout_rooms, abandoned_shop,
          gammafunk_ghost_split
Temple:   roderic_octagonal_lattice_temple
Lair:1:   dpeg_oklob_gauntlet, layout_gridlike, kennysheep_snail_temple,
          uniq_erica
Lair:2:   layout_regular_city, basic_altar, ebering_ghost_disaster_area,
          wad_woods_road_06, grunt_megastairs_4, infiniplex_staircase_pool_2
Lair:3:   statuecave_lemuel, layout_small_grid, special_room [special_room_bee],
          chequers_serial_rivers_large_b, uniq_gastronok
Lair:4:   layout_misc_corridors, shoals_dummy_entry, dummy_spider_entry,
          ebering_ghost_reflecting_pool, kennysheep_basilisk_garden,
          lemuel_fruit_tree
Lair:5:   layout_roguey [special_room_mythical_zoo], slime_dummy,
          grunt_megastairs_2, infiniplex_staircase_pool, lemuel_fruit_fields
Lair:6:   minmay_lair_end_enchanted_forest, layout_loops_ring, roderic_batcave
Shoals:1: layout_shoals, uniq_donald
Shoals:2: layout_shoals, yaktaur_hedge
Shoals:3: layout_shoals, hangedman_shoal_volcano
Shoals:4: shoals_end_grunt_ice, layout_shoals, shoals_ilsuiw_ice,
          hangedman_feature_mirror, nicolae_shoals_stone_sculpture_thing
Spider:1: layout_spider_delve, drop_trap
Spider:2: layout_spider_delve
Spider:3: layout_spider_delve
Spider:4: guppyfry_spider_rune, worms_lemuel
Orc:1:    layout_caves, portal_ice_cave_rime, serial_shops,
          nicolae_shop_statue_plus
Orc:2:    st_orc_town, layout_diamond_mine, serial_shops, shop, uniq_snorg

Skill      XL: |  1  2  3  4  5  6  7  8  9 10 11 12 13 14 15 16 17 |
---------------+----------------------------------------------------+-----
Transmutations | 2 3 4 5 8 |  8.0
Stealth        | 4 5 6 8 |  8.0
Poison Magic   | 4 5 6 7 9 10 | 10.0
Dodging        | 4 5 6 7 9 10 12 15 | 15.2
Air Magic      | 1 2 3 4 6 8 10 11 | 11.4
Short Blades   | 2 4 6 7 8 10 12 | 12.8
Spellcasting   | 3 5 6 8 |  8.0
Fighting       | 2 5 7 8 9 10 | 10.0
Slings         | 5 7 8 9 11 | 11.9
Armour         | 3 6 8 9 10 | 10.0
Translocations | 6 |  6.0
Evocations     | 4 7 8 |  8.0
Conjurations   | 2 3 5 |  5.0
Fire Magic     | 3 |  3.0
Throwing       | 1 |  1.0
Hexes          | 4 |  4.7

Action                   |  1- 3 |  4- 6 |  7- 9 | 10-12 | 13-15 | 16-18 || total
-------------------------+-------+-------+-------+-------+-------+-------++-------
Melee: Spear             |    91 |       |       |       |       |       ||    91
       Unarmed           |     2 |       |       |       |       |       ||     2
       Quarterstaff      |       |    77 |       |       |       |       ||    77
       Trident           |       |   103 |    44 |       |       |       ||   147
       Short sword       |       |       |   180 |   763 |   790 |       ||  1733
       Rapier            |       |       |       |       |   878 |  1347 ||  2225
 Fire: Hunting sling     |       |       |       |    97 |   473 |   282 ||   852
Throw: Stone             |       |    11 |     6 |    11 |     4 |       ||    32
       Dart              |       |       |       |       |       |     3 ||     3
 Cast: Sting             |    19 |    31 |    42 |    71 |    70 |    53 ||   286
       Poisonous Vapours |     8 |    13 |    49 |    37 |   130 |   160 ||   397
       Mephitic Cloud    |       |     2 |    11 |    22 |    33 |     9 ||    77
       Ignite Poison     |       |       |     5 |    24 |    39 |    24 ||    92
       Olgreb's Toxic Ra |       |       |     1 |    18 |    35 |    29 ||    83
       Airstrike         |       |       |       |    39 |    55 |    40 ||   134
       Blink             |       |       |       |     1 |       |     2 ||     3
       Conjure Flame     |       |       |       |     1 |       |     2 ||     3
       Passwall          |       |       |       |     1 |       |       ||     1
Invok: Call Merchant     |       |       |       |       |     3 |     1 ||     4
Evoke: Wand              |       |       |       |     4 |     7 |    30 ||    41
       Lightning rod     |       |       |       |       |       |     4 ||     4
       Fan of gales      |       |       |       |       |       |     1 ||     1
       Box of beasts     |       |       |       |       |       |     1 ||     1
  Use: Scroll            |     5 |     5 |     5 |    10 |    18 |    12 ||    55
       Potion            |       |     1 |       |     3 |     4 |     5 ||    13
 Stab: Sleeping          |     7 |    12 |     8 |    22 |    13 |     9 ||    71
       Confused          |       |       |     9 |     7 |    10 |     4 ||    30
       Distracted        |       |       |       |     2 |     6 |     8 ||    16
       Paralysed         |       |       |       |       |     3 |    12 ||    15
  Eat: Ration            |       |     1 |     5 |     8 |    15 |    10 ||    39
Armor: Robe              |     2 |    24 |    32 |    75 |    20 |       ||   153
       Fire dragon scale |       |       |       |       |   459 |   774 ||  1233
Dodge: Dodged            |    59 |   161 |   231 |   607 |  1479 |  1700 ||  4237

Table legend:
 A = Non-vault XP
 B = Vault XP
 C = Vault XP percentage of total XP
 D = Non-vault monster count
 E = Vault monster count
 F = Vault count percentage of total count
                 A         B        C        D         E       F
            +---------+---------+-------+---------+---------+-------
      Total |  181597 |   97443 |  34.9 |     715 |     337 |  32.0
            +---------+---------+-------+---------+---------+-------
        D:1 |      26 |       5 |  16.1 |      17 |       3 |  15.0
        D:2 |      69 |      42 |  37.8 |      17 |       1 |   5.6
        D:3 |     145 |      30 |  17.1 |      21 |       9 |  30.0
        D:4 |     581 |     663 |  53.3 |      30 |       1 |   3.2
        D:5 |     847 |       0 |   0.0 |      20 |       0 |   0.0
        D:6 |    1516 |       4 |   0.3 |      17 |       2 |  10.5
        D:7 |    1050 |       0 |   0.0 |      20 |       0 |   0.0
        D:8 |     732 |     899 |  55.1 |      13 |       2 |  13.3
        D:9 |    1821 |       0 |   0.0 |      33 |       0 |   0.0
       D:10 |    1738 |    3036 |  63.6 |      21 |       9 |  30.0
       D:11 |    5784 |     980 |  14.5 |      26 |       1 |   3.7
       D:12 |    6137 |    1394 |  18.5 |      34 |       5 |  12.8
       D:13 |    1893 |       0 |   0.0 |      16 |       0 |   0.0
       D:14 |    6176 |    6206 |  50.1 |      20 |      12 |  37.5
       D:15 |    8538 |    6954 |  44.9 |      19 |      12 |  38.7
     Lair:1 |    4505 |    1781 |  28.3 |      15 |       3 |  16.7
     Lair:2 |    3730 |     157 |   4.0 |      15 |       1 |   6.2
     Lair:3 |    2048 |    3861 |  65.3 |       9 |      21 |  70.0
     Lair:4 |    9636 |    1872 |  16.3 |      23 |      10 |  30.3
     Lair:5 |    5547 |    7060 |  56.0 |      19 |      25 |  56.8
     Lair:6 |    6615 |    8396 |  55.9 |      24 |      52 |  68.4
   Shoals:1 |   21059 |    1831 |   8.0 |      31 |       1 |   3.1
   Shoals:2 |   16714 |     371 |   2.2 |      35 |       1 |   2.8
   Shoals:3 |   13839 |    5035 |  26.7 |      31 |      10 |  24.4
   Shoals:4 |    5159 |    4935 |  48.9 |      13 |       8 |  38.1
   Spider:1 |   17258 |       0 |   0.0 |      53 |       0 |   0.0
   Spider:2 |    6606 |       0 |   0.0 |      13 |       0 |   0.0
   Spider:3 |   13624 |    6131 |  31.0 |      29 |      13 |  31.0
   Spider:4 |    8443 |   21076 |  71.4 |      23 |      38 |  62.3
      Orc:1 |    8150 |    1783 |  18.0 |      36 |       4 |  10.0
      Orc:2 |    1611 |    8850 |  84.6 |      22 |      63 |  74.1
      Sewer |       0 |     127 | 100.0 |       0 |      12 | 100.0
      IceCv |       0 |    3964 | 100.0 |       0 |      18 | 100.0
            +---------+---------+-------+---------+---------+-------
